 Seeded DCSS version 0.30-a0-913-g9934a0ce24 (webtiles) character file.

Game seed: 20230221 (custom seed)

251 tkbsonic5 the Charlatan (level 6, -1/44 (45) HPs)
             Began as a Djinni Artificer on Mar 19, 2023.
             Slain by a gnoll
             ... wielding a +0 whip
              (6 damage)
             ... on level 3 of the Dungeon.
             The game lasted 00:09:13 (2466 turns).

tkbsonic5 the Charlatan (Djinni Artificer)          Turns: 2466, Time: 00:09:14

HP:   -1/44 (45)    AC:  3    Str: 11 (13) XL:     6   Next: 36%
Gold: 113           EV: 12    Int: 12 (13) God:
                    SH:  0    Dex: 10 (13)

rFire   + + .      SeeInvis .    r - +4 whip (elec)
rCold   x . .      Faith    .    (no shield)
rNeg    . . .      Spirit   .    b - +0 leather armour
rPois   ∞          Reflect  .    (no helmet)
rElec   .          Rampage  .    (no cloak)
rCorr   .                        (no gloves)
Will    .....                    (boots unavailable)
Stlth   +                        (no amulet)
HPRegen 0.27/turn                (no ring)
MPRegen 0.00/turn                (no ring)

@: flying, very slightly contaminated, lightly drained
A: sickness immunity, fire resistance 2, cold vulnerability 1, float, innate
caster, HP casting, extra vitality 1
a: no special abilities


You were on level 3 of the Dungeon.
You visited 1 branch of the dungeon, and saw 3 of its levels.

You collected 113 gold pieces.

Inventory:

Hand Weapons
 a - a +0 club
 i - a +1 dagger of holy wrath
 l - a +1 hand axe of electrocution
 q - a +0 short sword of flaming
 r - a +4 whip of electrocution (weapon)
 w - a +0 scythe
Missiles
 m - 10 poisoned darts
Armour
 b - a +0 leather armour (worn)
Wands
 c - a wand of flame (4)
 d - a wand of charming (13)
 e - a wand of iceblast (2)
Scrolls
 f - a scroll of blinking {unknown}
 j - 2 scrolls of identify {unknown}
 p - a scroll of teleportation {unknown}
 s - a scroll of fear {unknown}
 u - a scroll of poison {unknown}
Potions
 g - a potion of invisibility {unknown}
 h - a potion of curing {unknown}
 k - 2 potions of attraction {unknown}
 n - a potion of degeneration
 o - a potion of flight {unknown}
 t - 2 potions of brilliance {unknown}


   Skills:
 * Level 2.8 Fighting
 - Level 0.4 Short Blades
 - Level 0.2(1.1) Axes
 * Level 1.8(1.9) Maces & Flails
 + Level 0.3 Throwing
 - Level 1.0 Armour
 + Level 3.0 Dodging
 - Level 0.7 Stealth
 * Level 1.5 Spellcasting
 * Level 4.1 Evocations


You knew the following spells:

 Your Spells              Type           Power      Damage    Failure   Level
a - Kiss of Death         Conj/Necr      16%        2d6       21%         1
b - Poisonous Vapours     Pois/Air       8%         N/A       30%         2
Your spell library was empty.

Dungeon Overview and Level Annotations

Branches:
Dungeon (3/15)

Altars:


Innate Abilities, Weirdness & Mutations

You are immune to sickness and miasma.
You are immune to poison.
Your flesh is very heat resistant. (rF++)
You are vulnerable to cold. (rC-)
You float through the air rather than walking.
You learn spells naturally, not from books.
Your magical power is your life essence.
You have superior vitality. (+4 MHP)


Message History

Poisonous vapours surround the gnoll!
The gnoll is poisoned.
You miscast Poisonous Vapours.
You are very lightly contaminated with residual magic.
Nothing appears to happen.
A gnoll comes into view. It is wielding a +0 flail.
The gnoll shouts!
The gnoll looks more healthy.
Your magical contamination has completely faded away.
You miscast Poisonous Vapours.
You are very lightly contaminated with residual magic.
Nothing appears to happen.
You hit the gnoll.
The gnoll is severely wounded.
The gnoll hits you with a +0 whip!
Okay, then.
Okay, then.
Okay, then.
Casting: Poisonous Vapours (dangerous; 26% risk of failure)
Confirm with . or Enter, or press ? or * to list all spells.
Okay, then.
Casting: Poisonous Vapours (dangerous; 26% risk of failure)
Confirm with . or Enter, or press ? or * to list all spells.
Aiming: Kiss of Death (safe; 19% risk of failure)
Press: ? - help, Shift-Dir - straight line, f - gnoll, p - gnoll
Aim: a gnoll, wielding a +0 flail (100% to hit)
You miscast Kiss of Death.
Nothing appears to happen.
The gnoll hits you with a +0 flail.
* * * LOW HITPOINT WARNING * * *
The gnoll barely misses you.
You barely miss the gnoll.
The gnoll is severely wounded.
The gnoll hits you with a +0 whip.
* * * LOW HITPOINT WARNING * * *
The gnoll misses you.
Okay, then.
It was a potion of degeneration.
There was something very wrong with that liquid.
You feel weakened.
You feel dopey.
You feel clumsy. The gnoll barely misses you.
The gnoll hits you with a +0 whip.
You die...

.........#..#......#.#
####.#......#......#.#
#...........###.#.#####
###......#..# #.#......
#.#.......###.#......
#####.............#......
#........................
#.#####gg.#......##......
#.# #.@.#......##......
#.# #...#......##......
#.# #...#########......
#.# #...# #...... #.#
#...# #######....
#.#####...# #.....#.##.
#.#.......# #.###.#.##.
#.#.......# #.# #.#.##.
##.#.......#####.###.#.#..


You could see 2 gnolls.

Vanquished Creatures
  Sigmund (D:2)
  An adder (D:1)
  2 gnolls (D:3)
  3 worms
  2 dart slugs (D:1)
  An orc (D:3)
  3 bats
  2 endoplasms
  2 giant cockroaches
  2 goblins (D:2)
  6 hobgoblins
  6 jackals
  6 kobolds (D:1)
  3 quokkas
  4 ball pythons
  A frilled lizard (D:1)
  4 rats
49 creatures vanquished.

Notes
Turn   | Place    | Note
-------+----------+-------------------------------------------
     0 | D:1      | tkbsonic5 the Djinni Artificer began the quest for the Orb.
     0 | D:1      | Reached XP level 1. HP: 17/17 MP: 0/0
   189 | D:1      | Reached XP level 2. HP: 16/22 MP: 0/0
   625 | D:1      | Reached XP level 3. HP: 27/27 MP: 0/0
   625 | D:1      | Learned a level 1 spell: Kiss of Death
  1508 | D:2      | Reached skill level 1 in Spellcasting
  1605 | D:2      | Reached XP level 4. HP: 33/33 MP: 0/0
  1671 | D:2      | Noticed Sigmund
  1673 | D:2      | Killed Sigmund
  1674 | D:2      | Reached skill level 1 in Maces & Flails
  1674 | D:2      | Reached skill level 4 in Evocations
  1674 | D:2      | Reached XP level 5. HP: 35/39 MP: 0/0
  1674 | D:2      | Learned a level 2 spell: Poisonous Vapours
  1674 | D:2      | Reached XP level 6. HP: 41/45 MP: 0/0
  2466 | D:3      | Slain by a gnoll

Illustrated notes

Levels and vault maps discovered:
D:1:      minmay_arrival_nine_rooms, layout_loops_ring, chequers_jeans,
          minmay_cupped
D:2:      layout_basic, uniq_sigmund
D:3:      layout_basic, minmay_joined_circles, uniq_grinder

Skill      XL: |  1  2  3  4  5  6 |
---------------+-------------------+-----
Spellcasting   | 1 |  1.5
Fighting       | 2 |  2.8
Maces & Flails | 1 |  1.8
Evocations     | 4 |  4.1
Dodging        | 3 |  3.0
Short Blades   | |  0.4
Axes           | |  0.2
Throwing       | |  0.3
Armour         | |  1.0
Stealth        | |  0.7

Action                     |  1- 3 |  4- 6 || total
---------------------------+-------+-------++-------
  Melee: Dagger            |    33 |       ||    33
         Club              |     4 |       ||     4
         Hand axe          |    20 |       ||    20
         Whip              |    23 |    34 ||    57
         Punch             |     1 |       ||     1
  Throw: Dart              |     7 |    15 ||    22
         Throwing net      |     2 |     1 ||     3
   Cast: Poisonous Vapours |       |    11 ||    11
         Kiss of Death     |       |     1 ||     1
  Evoke: Wand              |    14 |     2 ||    16
    Use: Scroll            |       |     4 ||     4
         Potion            |       |     1 ||     1
   Stab: Held in net/web   |       |     1 ||     1
 Armour: Leather armour    |    27 |     7 ||    34
  Dodge: Dodged            |    65 |    23 ||    88

Table legend: (Time is in decaauts)
 A = Elapsed time spent in this place.
 B = Non-inter-level travel time spent in this place.
 C = Inter-level travel time spent in this place.
 D = Time resting spent in this place.
 E = Time spent auto-exploring this place.
 F = Levels seen in this place.
 G = Mean time per level.
                   A        B        C        D        E       F      G
               +--------+--------+--------+--------+--------+-----+--------+
         Total |   2475 |   2429 |     46 |    386 |   1644 |   3 |  825.0 |
       Dungeon |   2475 |   2429 |     46 |    386 |   1644 |   3 |  825.0 |
               +--------+--------+--------+--------+--------+-----+--------+

Top non-repeatable levels by time:
     D:1: 1396 daAuts
     D:2: 601 daAuts
     D:3: 476 daAuts
